AoeStats
← darkmaku

Four Lakes

509675975Analyzed
1v1 RM · 6d ago on Sep 27, 2026· 24m 49s· 2 players
Game mode
Random Map
Map size
Tiny (2 player)
Population
200
Speed
Normal
Resources
Standard
Victory
Conquest
Starting age
Dark Age
Ending age
Imperial Age
RankedLock teamsTeams togetherTeam positionsShared explorationLock speedFull tech treeHidden civsTurbo modeCheats
Victory
Defeat
🇪🇸 Magyars · Spain
1078
+16
🇵🇪 Khmer · Peru
1081
-16
Hijo del águila II
8:54 Loom
10:40 Feudal Age
14:16 Scale Barding Armor
20:26 Castle Age
20:26 Gold Mining
20:59 Double-Bit Axe
20:55 Horse Collar
24:59 Bloodlines
24:51 Husbandry
darkmaku
8:50 Loom
10:55 Feudal Age
15:52 Castle Age
14:28 Bloodlines
15:38 Fishing Lines
18:04 Forging
19:48 Wheelbarrow
22:01 Iron Casting
23:43 Scale Barding Armor
24:45 Husbandry
Connection lost

Rejoining the realm…

Still unreachable

The connection could not be restored.

Session expired

The server has moved on; the page needs a fresh start.